 Dungeon Crawl Stone Soup version 0.31-a0-435-g2c6fae2916 (webtiles) character file.

Game seed: 16857111999283823059

7779 lessens the Grappler (level 11, -4/77 HPs)
             Began as a Demonspawn Fighter on Aug 1, 2023.
             Was a High Priest of Okawaru.
             Slain by Harold
             ... wielding a +0 glaive
              (16 damage)
             ... on level 10 of the Dungeon.
             The game lasted 00:15:38 (10311 turns).

lessens the Grappler (Demonspawn Fighter)          Turns: 10311, Time: 00:15:38

Health: -4/77      AC: 22    Str: 21    XL:     11   Next: 1%
Magic:  14/14      EV: 11    Int:  9    God:    Okawaru [*****.]
Gold:   668        SH:  4    Dex: 13    Spells: 10/10 levels left

rFire   + .          .
                       - Unarmed
rCold   . . .        c - +0 buckler
rNeg    . . .        C - +4 scale mail
rPois   .            m - +1 hat
rElec   .            A - +0 cloak
rCorr   .            (no gloves)
SInv    .            (no boots)
Will    +....        (no amulet) Stlth
                     q - ring of willpower
HPRegen 0.32/turn    P - ring of protection from fire
MPRegen 0.14/turn

%: no passive effects
@: mighty, silenced, sanguine armoured
A: (demonic guardian 1), foul stench 2, sanguine armour 2, demonic touch 2
a: Renounce Religion


You were on level 10 of the Dungeon.
You worshipped Okawaru.
Okawaru was extremely pleased with you.
You visited 1 branch of the dungeon, and saw 10 of its levels.

You collected 668 gold pieces.

Inventory:

Hand Weapons
 a - a +1 war axe
Missiles
 f - 53 stones
 k - 20 poisoned darts (quivered)
 w - 9 boomerangs
 O - 2 silver javelins
Armour
 b - a +0 scale mail
 c - a +0 buckler (worn)
 m - a +1 hat (worn)
 A - a +0 cloak (worn)
 C - a +4 scale mail (worn)
 K - +2 steam dragon scales
Jewellery
 q - a ring of willpower (left hand)
 s - a ring of fire
 v - a ring of ice
 G - a +6 ring of strength
 H - the ring of the Wereyak {rElec rPois rF- Will+++ rCorr}
   (You found it on level 5 of the Dungeon)

   [ring of resist corrosion]

   rF:        It makes you vulnerable to fire.
   rElec:     It insulates you from electricity.
   rPois:     It protects you from poison.
   rCorr:     It protects you from acid and corrosion.
   Will:      It greatly increases your willpower.
 J - an amulet of magic regeneration
 P - a ring of protection from fire (right hand)
 S - a ring of flight
Wands
 o - a wand of mindburst (3)
 B - a wand of light (7)
 D - a wand of polymorph (21)
 F - a wand of paralysis (7)
 X - a wand of flame (10)
Scrolls
 e - a scroll of vulnerability
 g - a scroll of teleportation {unknown}
 h - a scroll of silence
 i - 3 scrolls of immolation
 j - 5 scrolls of identify
 u - a scroll of torment
 x - a scroll of blinking {unknown}
 y - 3 scrolls of amnesia {unknown}
 E - 2 scrolls of enchant weapon
 I - a scroll of revelation {unknown}
 M - a scroll of fog {unknown}
 Q - a scroll of enchant armour {unknown}
 T - a scroll of poison {unknown}
 U - a scroll of acquirement {unknown}
 V - 2 scrolls of fear {unknown}
Potions
 d - 3 potions of might
 l - 2 potions of enlightenment
 n - 2 potions of haste
 p - 3 potions of brilliance
 r - a potion of heal wounds
 t - 3 potions of curing
 z - 2 potions of lignification
 L - a potion of invisibility {unknown}
 N - a potion of magic {unknown}
 W - a potion of berserk rage {unknown}
Miscellaneous
 R - a tin of tremorstones (1/2)


   Skills:
 + Level 4.0 Fighting
 - Level 4.8 Axes
 - Level 4.1 Armour
 - Level 3.6 Dodging
 - Level 2.6 Shields
 * Level 13.3 Unarmed Combat
 - Level 4.0 Invocations


You had 10 spell levels left.
You didn't know any spells.
Your spell library contained the following spells:

 Spells                   Type           Power      Damage    Failure   Level
 Ensorcelled Hibernation  Hex/Ice        0%         N/A       90%         2
 Ozocubu's Armour         Ice            0%         N/A       99%         3
 Vhi's Electric Charge    Tloc/Air       0%         N/A       99%         3
 Anguish                  Hex/Necr       0%         N/A       100%        4
 Arcjolt                  Conj/Air       0%         1d10      100%        5
 Metabolic Englaciation   Hex/Ice        0%         N/A       100%        5
 Maxwell's Capacitive Co  Air            0%         ∞         100%        8
 Simulacrum               Ice/Necr       Unusable   N/A       N/A         6

Dungeon Overview and Level Annotations

Branches:
Dungeon (10/15) Zot: 25918  Temple (0/1) D:4             Orc (0/2) D:9
   Lair: D:8-11

Altars:
Ashenzari
Cheibriados
Fedhas
Nemelex Xobeh
Okawaru
Wu Jian
Yredelemnul

Shops:
D:1 *

Annotations:
D:6 1 runed translucent door, randomguy2701's ghost, novice MiFi
D:10 Harold


Innate Abilities, Weirdness & Mutations

((A weak demonic guardian rushes to your aid.))
You sometimes emit foul miasma when damaged in melee.
When seriously injured, your blood forms thick armour. (AC +9)
Your touch may inflict irresistible damage on your foes.


Message History

You feel very mighty all of a sudden. The wraith closely misses you.
Harold hits you from afar with a +0 glaive!
You punch the wraith!
The wraith is severely damaged.
The wraith hits you but does no damage. You block Harold's attack.
Harold closely misses you. The wraith closely misses you.
You punch the wraith!
You destroy the wraith!
Okawaru accepts your kill. Harold barely misses you.
Your Fighting skill increases to level 4!
You have reached level 11!
Your demonic ancestry asserts itself...
Your foul stench grows more powerful.
Harold hits you but does no damage.
You barely miss Harold. Harold barely misses you. Harold closely misses you.
You hit Harold but do no damage. Harold hits you but does no damage.
You closely miss Harold. Harold closely misses you.
You pummel Harold!!
Harold is moderately wounded.
Harold hits you with a +0 glaive!
* * * LOW HITPOINT WARNING * * *
You emit a cloud of foul miasma!
You completely miss Harold.
Harold is moderately wounded.
You feel yourself speed up.
Harold is engulfed in dark miasma.
Harold is poisoned.
Harold closely misses you.
Harold is engulfed in dark miasma.
Harold looks even sicker.
Harold seems to slow down.
Harold hits you with a +0 glaive!
* * * LOW HITPOINT WARNING * * *
You punch Harold!
Harold is severely wounded.
Harold is no longer moving slowly.
You punch Harold!
Harold is severely wounded.
Harold is engulfed in dark miasma.
Harold looks even sicker.
Harold seems to slow down.
Harold hits you with a +0 glaive!
You die...

#............................#
#............................#
#........>...................#
#........#####................
#........#...'................
+###........#...#................
............#...#.............###
............#####.............#
...............@@.............#
................######........#
.......########## #........###
....... #........... .......
#........... ....... #...........
....... #####....... .......
#....... ########


You could see Harold (very poisoned, slow).

Vanquished Creatures
  2 two-headed ogres (D:9)
  Maggie (D:7)
  A troll (D:10)
  2 shadows
  2 wyverns (D:10)
  A fire elemental (D:8)
  4 fire bats (D:8)
  5 yaks
  A wraith (D:10)
  A steam dragon (D:9)
  Menkaure (D:4)
  A hell hound (D:8)
  A water moccasin (D:9)
  An ice beast (D:6)
  Duvessa (D:5)
  A black bear (D:3)
  4 orc warriors
  3 sky beasts
  An ogre (D:5)
  8 centaurs
  A phantom (D:7)
  A kobold brigand (D:5)
  A gnoll sergeant (D:10)
  3 scorpions
  Dowan (D:5)
  5 howler monkeys
  2 lava snakes (D:8)
  A jelly (D:7)
  2 hounds (D:5)
  8 orc priests
  2 sleepcaps
  2 gnoll boudas (D:7)
  Ijyb (D:5)
  3 iguanas
  Natasha (thrice) (D:3)
  9 orc wizards
  12 gnolls
  7 adders
  A white imp (D:6)
  2 ufetubi
  5 worms
  3 dart slugs
  37 orcs
  5 ball pythons
  6 endoplasms
  2 giant cockroaches (D:3)
  7 hobgoblins
  3 quokkas
  3 bats
  2 frilled lizards (D:1)
  9 goblins
  10 kobolds
  6 rats
  A spectral hobgoblin (D:1)
208 creatures vanquished.

Vanquished Creatures (others)
  An orc wizard (D:9)
1 creature vanquished.

Grand Total: 209 creatures vanquished

Notes
Turn   | Place    | Note
-------+----------+-------------------------------------------
     0 | D:1      | lessens the Demonspawn Fighter began the quest for the Orb.
     0 | D:1      | Reached XP level 1. HP: 18/18 MP: 1/1
   111 | D:1      | Gained mutation: When seriously injured, your blood forms
                  | armour. (AC +9) [demonic ancestry]
   111 | D:1      | Reached XP level 2. HP: 21/24 MP: 2/2
   489 | D:1      | Found Nuquxuz's Assorted Antiques.
   523 | D:1      | Found a faded altar of an unknown god.
   781 | D:2      | Gained mutation: A weak demonic guardian rushes to your
                  | aid. [demonic ancestry]
   781 | D:2      | Reached XP level 3. HP: 29/29 MP: 3/3
  1057 | D:2      | Found a broken altar of Ashenzari.
  1311 | D:3      | Noticed Natasha
  1318 | D:3      | Killed Natasha
  1319 | D:3      | Reached XP level 4. HP: 20/35 MP: 4/4
  1419 | D:3      | Noticed Natasha
  1429 | D:3      | Killed Natasha
  1545 | D:3      | Noticed Natasha
  1560 | D:3      | Killed Natasha
  1561 | D:3      | Gained mutation: Your touch may inflict minor irresistible
                  | damage on your foes. [demonic ancestry]
  1561 | D:3      | Reached XP level 5. HP: 22/41 MP: 5/5
  1942 | D:3      | Reached skill level 1 in Unarmed Combat
  2232 | D:3      | Noticed a black bear
  2237 | D:3      | Killed a black bear
  2238 | D:3      | Reached skill level 2 in Unarmed Combat
  2238 | D:3      | Gained mutation: You may rarely emit foul miasma when
                  | damaged in melee. [demonic ancestry]
  2238 | D:3      | Reached XP level 6. HP: 47/47 MP: 6/6
  2264 | D:3      | Found a blossoming altar of Fedhas.
  2264 | D:3      | Found an ornate altar of the Wu Jian Council.
  2344 | D:4      | Found an iron altar of Okawaru.
  2381 | D:4      | Became a worshipper of Warmaster Okawaru
  2390 | D:4      | Reached skill level 3 in Unarmed Combat
  2574 | D:4      | Found a staircase to the Ecumenical Temple.
  2640 | D:4      | Noticed Menkaure
  2651 | D:4      | Killed Menkaure
  2651 | D:4      | Reached * piety under Okawaru
  2652 | D:4      | Reached skill level 4 in Unarmed Combat
  2770 | D:4      | Gained mutation: Your touch may inflict irresistible damage
                  | on your foes. [demonic ancestry]
  2770 | D:4      | Reached XP level 7. HP: 35/52 MP: 7/7
  3016 | D:4      | Found a broken altar of Ashenzari.
  3477 | D:5      | Entered Level 5 of the Dungeon
  3491 | D:5      | Reached skill level 5 in Unarmed Combat
  3932 | D:5      | Reached skill level 6 in Unarmed Combat
  4105 | D:5      | Noticed Ijyb
  4110 | D:5      | Killed Ijyb
  4261 | D:5      | Noticed Dowan
  4262 | D:5      | Noticed Duvessa
  4273 | D:5      | Killed Duvessa
  4283 | D:5      | Killed Dowan
  4284 | D:5      | Reached skill level 7 in Unarmed Combat
  4284 | D:5      | Reached XP level 8. HP: 42/58 MP: 8/8
  4585 | D:5      | Identified the ring of the Wereyak {rElec rPois rF- Will+++
                  | rCorr}
  4635 | D:5      | Found a sparkling altar of Nemelex Xobeh.
  4932 | D:6      | Found a runed translucent door.
  4933 | D:6      | Noticed randomguy2701's ghost (novice MiFi)
  4976 | D:6      | Reached ** piety under Okawaru
  4977 | D:6      | Reached skill level 8 in Unarmed Combat
  5251 | D:6      | Found a basalt altar of Yredelemnul.
  6068 | D:7      | Reached skill level 9 in Unarmed Combat
  6251 | D:7      | Noticed Maggie
  6263 | D:7      | Killed Maggie
  6264 | D:7      | Reached XP level 9. HP: 63/63 MP: 9/9
  6377 | D:7      | Reached skill level 10 in Unarmed Combat
  6425 | D:7      | Reached *** piety under Okawaru
  6426 | D:7      | Reached skill level 1 in Invocations
  7195 | D:8      | Reached skill level 11 in Unarmed Combat
  7701 | D:8      | Found a snail-covered altar of Cheibriados.
  7794 | D:8      | Reached **** piety under Okawaru
  7818 | D:8      | Gained mutation: When seriously injured, your blood forms
                  | thick armour. (AC +9) [demonic ancestry]
  7818 | D:8      | Reached XP level 10. HP: 34/70 MP: 10/13
  7826 | D:8      | Received a gift from Okawaru
  8476 | D:9      | Found a staircase to the Orcish Mines.
  8533 | D:9      | Reached skill level 1 in Dodging
  8533 | D:9      | Reached skill level 12 in Unarmed Combat
  8777 | D:9      | Noticed a two-headed ogre
  8784 | D:9      | Killed a two-headed ogre
  8784 | D:9      | Reached ***** piety under Okawaru
  8996 | D:9      | Noticed a two-headed ogre
  9007 | D:9      | Killed a two-headed ogre
  9212 | D:10     | Entered Level 10 of the Dungeon
  9325 | D:10     | Reached skill level 13 in Unarmed Combat
 10279 | D:10     | Noticed Harold
 10304 | D:10     | Gained mutation: You sometimes emit foul miasma when
                  | damaged in melee. [demonic ancestry]
 10304 | D:10     | Reached XP level 11. HP: 34/77 MP: 14/14
 10311 | D:10     | Slain by Harold

Illustrated notes

Levels and vault maps discovered:
D:1:      minmay_arrival_solitary_statue, layout_basic,
          dreamdust_ecumenical_altar_drowned_temple, serial_shops,
          shop_fountains
D:2:      layout_rooms, basic_altar
D:3:      layout_loops_ring, minitemple, uniq_natasha
D:4:      layout_rooms, nicolae_ashenzari_skybound, okawaru_gym_becter,
          minmay_temple_entry_stoned_glass, uniq_menkaure
D:5:      layout_basic, nemelex_diamond_rough_becter, uniq_ijyb, uniq_duvessa
D:6:      layout_basic, amcnicky_altar_gilded, ebering_ghost_reflecting_pool
D:7:      layout_basic, uniq_maggie
D:8:      layout_cave_pools, lemuel_coloured_pillars_altar,
          hangedman_incinerator
D:9:      layout_rooms, orc_0_dummy
D:10:     layout_irregular_city, nicolae_overflow_two_pavilions, st_stairs_12,
          serial_bayou_pond_d, uniq_harold

Skill      XL: |  1  2  3  4  5  6  7  8  9 10 |
---------------+-------------------------------+-----
Axes           | 2 3 4 |  4.8
Unarmed Combat | 2 4 7 9 11 13 | 13.3
Invocations    | 4 |  4.0
Armour         | 3 4 |  4.1
Dodging        | 3 |  3.6
Fighting       | 4 |  4.0
Shields        | |  2.6

Action                     |  1- 3 |  4- 6 |  7- 9 | 10-12 || total
---------------------------+-------+-------+-------+-------++-------
  Melee: War axe           |   122 |   121 |   186 |       ||   429
         Unarmed           |       |       |   208 |   231 ||   439
  Throw: Dart              |       |     5 |       |     2 ||     7
 Invoke: Heroism           |       |       |     2 |       ||     2
  Evoke: Wand              |       |    12 |    10 |     2 ||    24
         Tin of tremorston |       |       |       |     2 ||     2
    Use: Potion            |       |       |     4 |     2 ||     6
         Scroll            |       |       |     5 |     2 ||     7
   Stab: Paralysed         |       |       |     7 |       ||     7
         Invisible         |       |       |       |     1 ||     1
 Armour: Scale mail        |    59 |    57 |   223 |   110 ||   449
  Dodge: Dodged            |    51 |    74 |   190 |   117 ||   432
  Block: Buckler           |    22 |    26 |    90 |    61 ||   199

Table legend: (Time is in decaauts)
 A = Elapsed time spent in this place.
 B = Non-inter-level travel time spent in this place.
 C = Inter-level travel time spent in this place.
 D = Time resting spent in this place.
 E = Time spent auto-exploring this place.
 F = Levels seen in this place.
 G = Mean time per level.
                   A        B        C        D        E       F      G
               +--------+--------+--------+--------+--------+-----+--------+
         Total |  10359 |  10126 |    233 |    799 |   7455 |  10 | 1035.9 |
       Dungeon |  10359 |  10126 |    233 |    799 |   7455 |  10 | 1035.9 |
               +--------+--------+--------+--------+--------+-----+--------+

Top non-repeatable levels by time:
     D:8: 1387 daAuts
     D:5: 1377 daAuts
     D:7: 1284 daAuts
     D:4: 1187 daAuts
    D:10: 1080 daAuts
     D:3: 974 daAuts
     D:6: 839 daAuts
     D:9: 815 daAuts
     D:1: 787 daAuts
     D:2: 626 daAuts

Levels and vault maps discovered:
D:1:      minmay_arrival_solitary_statue, layout_basic,
          dreamdust_ecumenical_altar_drowned_temple, serial_shops,
          shop_fountains
D:2:      layout_rooms, basic_altar
D:3:      layout_loops_ring, minitemple, uniq_natasha
D:4:      layout_rooms, nicolae_ashenzari_skybound, okawaru_gym_becter,
          minmay_temple_entry_stoned_glass, uniq_menkaure
D:5:      layout_basic, nemelex_diamond_rough_becter, uniq_ijyb, uniq_duvessa
D:6:      layout_basic, amcnicky_altar_gilded, ebering_ghost_reflecting_pool
D:7:      layout_basic, uniq_maggie
D:8:      layout_cave_pools, lemuel_coloured_pillars_altar,
          hangedman_incinerator
D:9:      layout_rooms, orc_0_dummy
D:10:     layout_irregular_city, nicolae_overflow_two_pavilions, st_stairs_12,
          serial_bayou_pond_d, uniq_harold
